 Dungeon Crawl Stone Soup version 0.26.1-11-gd32895ea62 (webtiles) character file.

Game seed: 1017470037664931804

336 Zeld the Slasher (level 6, -8/44 HPs)
             Began as a Human Gladiator on June 5, 2021.
             Killed by divine providence
             ... invoked by an orc priest
              (11 damage)
             ... on level 3 of the Dungeon.
             The game lasted 00:03:00 (3120 turns).

Zeld the Slasher (Human Gladiator)                  Turns: 3120, Time: 00:03:01

Health: -8/44      AC:  4    Str: 16    XL:     6   Next: 84%
Magic:  6/6        EV: 13    Int:  9    God:
Gold:   166        SH:  0    Dex: 14    Spells: 5/5 levels left

rFire    . . .     SeeInvis .   a - +0 long sword
rCold    . . .     Faith    .   (no shield)
rNeg     . . .     Spirit   .   b - +0 leather armour
rPois    .         Reflect  .   c - +0 helmet
rElec    .         Harm     .   (no cloak)
rCorr    .         Rampage  .   (no gloves)
Will     .....                  (no boots)
Stlth    +.........             (no amulet)
HPRegen  0.14/turn              (no ring)
MPRegen  0.10/turn              (no ring)

@: no status effects
A: no striking features
a: no special abilities


You were on level 3 of the Dungeon.
You visited 1 branch of the dungeon, and saw 3 of its levels.

You collected 166 gold pieces.

Inventory:

Hand Weapons
 a - a +0 long sword (weapon)
Missiles
 d - 3 throwing nets (quivered)
 i - 12 poisoned darts
Armour
 b - a +0 leather armour (worn)
 c - a +0 helmet (worn)
Jewellery
 h - a +4 ring of evasion {unknown}
 p - an uncursed ring of resist corrosion
 q - an uncursed ring of stealth {unknown}
 u - a cursed ring of teleportation {unknown}
Scrolls
 f - a scroll of magic mapping {unknown}
 g - 9 scrolls of identify {unknown}
 l - a scroll of enchant armour {unknown}
 r - 2 scrolls of blinking {unknown}
 s - 3 scrolls of teleportation {unknown}
 w - a scroll of remove curse {unknown}
Potions
 e - a potion of degeneration {unknown}
 j - 2 potions of invisibility {unknown}
 k - 2 potions of heal wounds {unknown}
 m - 3 potions of flight {unknown}
 n - 3 potions of resistance {unknown}
 o - a potion of lignification {unknown}
 t - a potion of curing
 v - 2 potions of haste {unknown}
 x - a potion of mutation {unknown}


   Skills:
 - Level 2.0 Fighting
 * Level 7.1 Long Blades
 - Level 2.0 Throwing
 - Level 3.0 Dodging


You had 5 spell levels left.
You didn't know any spells.
Your spell library was empty.

Dungeon Overview and Level Annotations

Branches:
Dungeon (3/15)

Altars:
Hepliaklqana
Qazlal


Message History

Unknown command.
The orc wizard shouts!
The orc wizard casts a spell at you. The magic dart hits you.
* * * LOW HITPOINT WARNING * * *
There is an open gate here.
Unknown command.
The orc wizard gestures wildly while chanting.
The orc wizard blinks!
The orc priest invokes the aid of Beogh against you.
Beogh smites you!
* * * LOW HITPOINT WARNING * * *
The orc wizard mumbles some strange words.
The orc wizard blinks!
The hobgoblin hits you but does no damage.
The orc wizard mumbles some strange words.
The orc wizard blinks!
The orc priest mumbles some strange prayers to Beogh against you.
Beogh smites you!
You die...

############ #........###.
.........).# #........'.>.
##########.# ######........####
######...#.#####...<....##'###
.....#..................##.#
.....##....####.........##.#
♣♣...##....#####.#....).##.#####.
♣♣..''..o.o.og..'......'......'.
♣..'....o#####@#......#.######
♣...###+#.# #.#......#.# .....#
#.# #........#.# .....# #.#
##......##.# ###### #.#
#......##.# #.# ##.######(# #.#
#.# #.# .# ##'######.#
#.......#.#######


You could see an orc priest, an orc wizard, an orc and a hobgoblin.

Vanquished Creatures
  Sigmund (D:3)
  Natasha (thrice) (D:3)
  2 adders
  An adder skeleton (D:3)
  4 worms
  3 dart slugs (D:1)
  A leopard gecko (D:2)
  11 bats
  2 giant cockroaches (D:2)
  4 goblins
  6 hobgoblins
  9 jackals (D:2)
  A frilled lizard (D:2)
  7 kobolds
  9 rats
64 creatures vanquished.

Notes
Turn   | Place    | Note
-------+----------+-------------------------------------------
     0 | D:1      | Zeld the Human Gladiator began the quest for the Orb.
     0 | D:1      | Reached XP level 1. HP: 16/16 MP: 1/1
   264 | D:1      | Reached XP level 2. HP: 22/22 MP: 2/2
   635 | D:1      | Reached skill level 4 in Long Blades
   635 | D:1      | Reached XP level 3. HP: 24/27 MP: 3/3
   944 | D:2      | Found a stormy altar of Qazlal.
  1146 | D:2      | Found a hazy altar of Hepliaklqana.
  1177 | D:2      | Reached XP level 4. HP: 30/33 MP: 4/4
  2071 | D:3      | Reached skill level 5 in Long Blades
  2261 | D:3      | Noticed Natasha
  2277 | D:3      | Killed Natasha
  2278 | D:3      | Reached XP level 5. HP: 17/38 MP: 5/5
  2488 | D:3      | Noticed Natasha
  2498 | D:3      | Killed Natasha
  2584 | D:3      | Noticed Natasha
  2593 | D:3      | Killed Natasha
  2853 | D:3      | Reached skill level 6 in Long Blades
  3003 | D:3      | Noticed Sigmund
  3011 | D:3      | Killed Sigmund
  3012 | D:3      | Reached skill level 7 in Long Blades
  3012 | D:3      | Reached XP level 6. HP: 43/44 MP: 6/6
  3113 | D:3      | HP: 2/44 [orc priest/divine providence (11)]
  3120 | D:3      | Killed from afar by an orc priest

Illustrated notes

Levels and vault maps discovered:
D:1:      lightli_arrival_statuegarden, layout_loops_ring, chequers_garden,
          nrook_mini_backslash
D:2:      layout_loops_corners, nicolae_overflow_crystal_walls,
          lemuel_crystal_altar
D:3:      layout_basic, kennysheep_doodads, kennysheep_generic_room_6,
          uniq_sigmund, uniq_natasha

Skill      XL: |  1  2  3  4  5 |
---------------+----------------+-----
Long Blades    | 4 5 7 |  7.1
Fighting       | |  2.0
Throwing       | |  2.0
Dodging        | |  3.0

Action                   |  1- 3 |  4- 6 || total
-------------------------+-------+-------++-------
Melee: Long sword        |    67 |    97 ||   164
Armor: Leather armour    |    25 |    22 ||    47
Dodge: Dodged            |    54 |    72 ||   126
       Rpst.: Long sword |    19 |    22 ||    41
